Map: Pillars of Gold LE

Players

ByuN - Winner!

  • Race: Terran Terran
  • Spawn Location: 1:00

Reynor

  • Race: Zerg Zerg
  • Spawn Location: 7:00

Event: ASUS ROG Online 2020

VOD

Have the link to the VOD?

Description

Time

  • Played on: Nov. 27, 2020, 1:32 p.m.
  • Length: 20:27

All games in this series

Show
View Real Time Build Order
Export as new Build Order

ByuN Terran - Winner!

Build Orders: Hellion Banshee 

Get SALT Encoding   

  12  0:00  SCV  
  13  0:12  SCV  
  14  0:17  Supply Depot  
  14  0:24  SCV  
  15  0:28  Refinery  
  15  0:39  SCV  
  16  0:45  Barracks  
  16  0:51  SCV  
  17  1:03  SCV  
  18  1:15  SCV  
  19  1:32  Barracks Reactor, Orbital Command  
  19  1:44  Command Center  
  19  1:55  Factory  
  19  1:59  SCV  
  20  2:06  Supply Depot  
  20  2:08  Marine  
  20  2:11  Marine  
  20  2:14  SCV  
  23  2:28  SCV, Marine  
  23  2:29  Marine  
  26  2:40  Starport, SCV  
  26  2:41  Refinery  
  27  2:51  Hellion x2  
  31  2:56  SCV  
  32  3:00  Orbital Command  
  32  3:02  Marine  
  33  3:12  Hellion  
  35  3:13  Hellion  
  35  3:17  Medivac  
  39  3:21  Marine  
  40  3:29  Armory  
  42  3:36  Hellion  
  42  3:37  Hellion  
  44  3:42  Supply Depot  
  44  3:43  SCV  
  44  3:45  SCV  
  46  3:50  Starport Tech Lab  
  46  4:04  Hellion x2  
  46  4:06  SCV x2  
  46  4:08  Supply Depot, Cloaking Field  
  52  4:18  SCV x2  
  54  4:29  Banshee  
  54  4:30  SCV x2  
  55  4:41  Hellion  
  55  4:42  SCV  
  55  4:43  SCV  
  53  4:49  Hellion  
  55  4:55  SCV x2  
  55  5:02  Hellion  
  55  5:07  SCV x2  
  49  5:09  Marine  
  49  5:10  Hellion  
  49  5:12  Banshee  
  53  5:14  Supply Depot  
  53  5:27  SCV x2  
  55  5:30  Hellion  
  55  5:32  Hellion  
  59  5:36  Barracks Tech Lab  
  59  5:39  SCV x2  
  59  5:42  Command Center  
  58  5:51  SCV x2  
  58  5:57  Barracks, Stimpack, Marine  
  60  6:00  Factory Reactor  
  60  6:02  Starport Reactor  
  60  6:03  SCV x2  
  63  6:07  Engineering Bay x2, Barracks, Refinery  
  63  6:14  Supply Depot, Refinery  
  63  6:15  SCV x2  
  63  6:16  Marine  
  66  6:27  SCV x2  
  68  6:33  Marine  
  68  6:39  SCV x2  
  71  6:45  Terran Infantry Armor Level 1, Terran Infantry Weapons Level 1  
  71  6:47  Hellion x6  
  71  6:49  Marine x2  
  71  6:50  Siege Tank  
  71  6:51  SCV x2  
  71  6:53  Marine  
  79  7:01  Barracks  
  79  7:03  SCV  
  79  7:04  SCV  
  79  7:06  Barracks, Orbital Command  
  81  7:08  Marine x2  
  81  7:09  Marine x2  
  81  7:11  Marine  
  81  7:14  Medivac x2  
  90  7:16  SCV x2  
  90  7:22  Supply Depot x2, Siege Tank  
  92  7:26  Marine x2  
  92  7:27  Marine x2  
  92  7:29  Marine  
  97  7:31  Orbital Command  
  97  7:33  Terran Vehicle Weapons Level 1, SCV x2  
  99  7:39  Combat Shield  
  99  7:44  Marine x2  
  99  7:45  SCV x2, Marine  
  99  7:47  Supply Depot  
  99  7:48  Supply Depot  
  104  7:52  Supply Depot  
  104  7:57  Supply Depot, SCV x2, Marine  
  108  7:59  Barracks Reactor x2  
  108  8:00  SCV  
  108  8:04  Siege Tank  
  111  8:09  SCV x2  
  111  8:12  Supply Depot, SCV  
  114  8:13  Supply Depot  
  114  8:20  Marine x3  
  114  8:21  Supply Depot, SCV, Marine x2  
  114  8:22  SCV  
  114  8:24  Medivac, SCV  
  124  8:39  Marine x3  
  124  8:40  Marine x3  
  130  8:41  Marine x2  
  130  8:44  Medivac  
  134  8:49  Marine  
  134  8:54  Medivac  
  135  8:57  Terran Infantry Armor Level 2, Terran Infantry Weapons Level 2, Marine x4  
  135  8:58  Marine x2  
  135  8:59  Marine x2  
  141  9:07  Marine  
  141  9:11  Orbital Command  
  141  9:14  Medivac  
  141  9:15  Marine x3  
  144  9:23  Medivac  
  131  9:27  Marine x6  
  129  9:33  Marine  
  129  9:35  Factory  
  129  9:42  Marine x2  
  129  9:44  Medivac  
  129  9:45  Marine x3  
  136  9:49  Marine x3  
  136  9:50  Marine  
  140  9:53  Medivac  
  142  10:00  Marine x2  
  142  10:01  Widow Mine  
  146  10:08  Factory, Marine  
  147  10:17  Marine x6  
  147  10:18  Sensor Tower  
  147  10:19  Command Center  
  153  10:23  Factory Reactor  
  150  10:31  Marine x3  
  150  10:34  Marine  
  150  10:35  Marine  
  153  10:36  Marauder, Widow Mine  
  153  10:39  Marine x3  
  159  10:43  Terran Vehicle And Ship Armor Level 1  
  159  10:49  Marine x3  
  159  10:52  Marine x2  
  155  10:57  Marauder  
  155  11:00  Medivac x2, Marine x3  
  154  11:07  Marine x2  
  154  11:08  Marine  
  154  11:10  Widow Mine x2, Marine x2  
  163  11:18  Missile Turret, Marauder  
  165  11:20  Missile Turret  
  165  11:21  Thor  
  170  11:27  Marine x3  
  170  11:29  Marine x3  
  170  11:30  Marine  
  171  11:34  Supply Depot  
  170  11:40  Marauder  
  170  11:42  Marine  
  170  11:44  Marine x2  
  170  11:45  Marine  
  167  11:48  Widow Mine  
  167  11:51  Medivac x2  
  167  11:52  Marine x2  
  173  11:56  Marine  
  175  12:01  Marauder  
  175  12:02  Marine  
  175  12:03  Marine x2  
  175  12:05  Thor  
  166  12:12  Marine x2  
  166  12:13  Refinery  
  166  12:16  Drilling Claws, Widow Mine  
  166  12:17  Widow Mine  
  172  12:23  Marauder  
  172  12:24  Marine  
  172  12:25  Marine x4  
  172  12:26  Marine  
  178  12:33  Terran Infantry Weapons Level 3  
  173  12:42  Marine x4  
  173  12:43  Marine  
  160  12:44  Marauder  
  160  12:45  Widow Mine x2  
  160  12:48  Hellbat, Marine  
  161  12:55  Concussive Shells  
  161  13:00  Terran Infantry Armor Level 3  
  163  13:05  Marauder  
  163  13:06  Planetary Fortress  
  163  13:07  Widow Mine x2  
  167  13:17  Marine x4  
  167  13:19  Marine x2  
  173  13:20  Marine  
  173  13:21  Marine  
  173  13:26  Missile Turret  
  177  13:27  Marauder  
  177  13:28  Missile Turret  
  177  13:29  Thor  
  183  13:42  Marine  
  183  13:46  Marine  
  183  13:47  Marine x4  
  183  13:48  Widow Mine x2  
  173  13:53  Marine x3  
  176  14:02  Missile Turret  
  176  14:03  Missile Turret, Marine  
  176  14:04  Marine x5  
  176  14:05  Command Center  
  182  14:10  Barracks  
  182  14:11  Thor, Barracks, Marine  
  182  14:12  Marauder  
  191  14:22  Widow Mine x2  
  195  14:28  Marine x3  
  195  14:30  Marine  
  196  14:31  Marine  
  196  14:35  Marine  
  196  14:37  Marauder  
  194  14:43  Medivac, Widow Mine  
  194  14:44  Widow Mine  
  183  14:48  Medivac  
  183  14:50  Marine x3  
  183  14:52  Marine  
  128  14:54  Thor  
  128  14:58  Marine x2  
  128  14:59  Marauder  
  130  15:02  SCV x3  
  130  15:05  Widow Mine x2  
  135  15:11  Marine  
  135  15:13  Medivac, Marine  
  135  15:14  SCV x2, Marine  
  134  15:15  SCV  
  134  15:18  Orbital Command  
  137  15:25  Medivac  
  137  15:26  Widow Mine x2, Marine  
  144  15:35  Marine x2  
  141  15:36  Marine x4  
  141  15:38  Marine  
  141  15:39  Marine x2  
  149  15:43  Medivac  
  149  15:47  Missile Turret  
  141  15:54  Marine  
  141  15:55  Medivac, Marine x7  
  141  15:56  Marine  
  152  16:08  Barracks Tech Lab, Marine  
  153  16:12  Marine x4  
  153  16:13  Medivac, Marauder, Marine x3  
  153  16:14  Marine  
  164  16:25  Medivac  
  166  16:26  Marine  
  166  16:27  Marauder  
  166  16:30  Marine x6  
  171  16:34  Widow Mine  
  171  16:35  Marauder  
  171  16:37  Marine x2  
  177  16:40  Refinery  
  177  16:43  Medivac  
  178  16:48  Marauder, Marine x4  
  178  16:49  Barracks Tech Lab  
  178  16:51  Marine x2  
  185  16:55  Medivac  
  185  16:56  Marauder  
  185  16:57  Orbital Command  
  189  17:03  Marine x2  
  189  17:06  Marine x4  
  195  17:10  Marauder  
  195  17:12  Marauder  
  184  17:24  Marine x3  
  184  17:27  Marine  
  184  17:28  Marine x3  
  184  17:29  Marauder  
  178  17:30  Widow Mine x2  
  178  17:31  Missile Turret, Marauder  
  184  17:38  Medivac x2  
  188  17:55  SCV x3  
  188  17:56  Widow Mine  
  188  17:57  Widow Mine x2  
  195  18:08  Medivac  
  195  18:11  Marauder, Marine  
  195  18:12  Marine  
  200  18:18  Widow Mine x3, Marine x2  
  195  18:22  Marine  
  195  18:23  Marine  
  195  18:24  Marine x3  
  195  18:26  Medivac  
  195  18:29  Marine  
  195  18:33  Marine  
  195  18:34  Marine x2  
  196  18:36  Marine  
  196  18:39  Widow Mine  
  193  18:42  Marauder, Widow Mine  
  193  18:43  Widow Mine  
  191  18:51  Marine x2  
  191  18:52  Marauder, Marine  
  191  18:53  Marauder  
  191  18:54  Marine  
  187  18:57  Marine  
  187  18:58  Marine  
  187  18:59  Marine  
  187  19:01  Widow Mine, Marine  
  156  19:04  Marauder  
  156  19:09  Marine x3  
  160  19:12  Marine  
  160  19:13  Marine x2  
  164  19:19  Marine  
  155  19:25  Marauder  
  155  19:26  Marine x2  
  155  19:27  Marine x2  
  155  19:29  Widow Mine  
  163  19:31  Marauder, Marine x2  
  163  19:36  Marine x2  
  163  19:38  Widow Mine, Marine  
  149  19:45  Marine x2  
  150  19:48  Widow Mine  
  150  19:50  Widow Mine  
  153  19:57  Marine  
  153  19:58  Marine  
  153  19:59  Widow Mine  
  146  20:00  Marine  
Show
View Real Time Build Order
Export as new Build Order

Reynor Zerg 

Build Orders: Hatch First 

Get SALT Encoding   

  12  0:01  Drone  
  13  0:12  Overlord  
  13  0:17  Drone  
  14  0:31  Drone x2  
  16  0:50  Hatchery  
  16  0:53  Drone  
  16  0:56  Drone  
  17  1:00  Drone  
  18  1:10  Extractor  
  17  1:15  Spawning Pool  
  16  1:19  Drone  
  16  1:22  Drone  
  18  1:28  Drone  
  19  1:39  Drone  
  20  1:50  Overlord  
  20  2:02  Queen x2  
  20  2:03  Zergling x4  
  26  2:11  Drone  
  26  2:12  Drone  
  28  2:22  Drone  
  29  2:23  Drone  
  30  2:32  Hatchery  
  30  2:35  Drone  
  30  2:37  Drone  
  30  2:43  Drone  
  32  2:46  Drone  
  33  2:56  Overlord  
  33  2:57  Metabolic Boost  
  32  2:59  Queen  
  32  3:02  Drone  
  35  3:15  Drone x5  
  35  3:19  Overlord  
  40  3:21  Queen  
  40  3:24  Drone  
  43  3:38  Overlord, Drone  
  43  3:39  Queen, Drone  
  47  3:42  Drone x3  
  47  3:44  Drone  
  47  3:46  Drone  
  52  3:50  Drone  
  53  3:56  Drone x2  
  53  4:00  Queen  
  57  4:04  Spine Crawler  
  57  4:05  Zergling x2  
  57  4:07  Zergling x4  
  57  4:09  Zergling x2, Evolution Chamber  
  59  4:12  Zergling x4  
  59  4:16  Evolution Chamber  
  60  4:17  Evolution Chamber  
  60  4:21  Overlord  
  54  4:32  Zergling x8  
  54  4:34  Zergling x6  
  54  4:37  Zergling x2  
  58  4:39  Queen  
  58  4:43  Zergling x8  
  62  4:48  Zergling x8  
  61  4:54  Zergling x4  
  61  4:57  Zergling x4  
  58  5:03  Zerg Ground Armor Level 1  
  58  5:06  Drone x2  
  57  5:08  Drone  
  57  5:12  Spore Crawler  
  57  5:13  Spore Crawler  
  56  5:15  Drone  
  56  5:17  Drone  
  56  5:18  Drone  
  56  5:21  Spore Crawler  
  58  5:22  Drone  
  58  5:24  Drone  
  59  5:30  Drone x4  
  59  5:33  Overlord  
  59  5:39  Drone x2  
  60  5:44  Drone  
  60  5:47  Drone x2  
  60  5:48  Drone  
  61  5:52  Zergling x4  
  63  5:57  Zergling x2, Spore Crawler, Baneling Nest  
  63  6:01  Lair  
  63  6:02  Zergling x2  
  63  6:04  Zergling x2  
  63  6:06  Drone x2  
  63  6:07  Drone  
  67  6:11  Zergling x2  
  67  6:14  Zergling x2  
  67  6:16  Extractor, Queen  
  70  6:19  Spore Crawler  
  70  6:21  Zergling x6  
  70  6:23  Queen  
  70  6:25  Overlord  
  73  6:26  Drone  
  73  6:29  Overlord  
  74  6:35  Drone x2  
  74  6:39  Overlord  
  73  6:48  Baneling x4  
  73  6:49  Drone x4  
  73  6:50  Drone x2  
  79  6:55  Drone  
  79  6:58  Drone  
  79  6:59  Baneling  
  79  7:03  Drone  
  79  7:04  Overseer  
  79  7:06  Drone x3  
  79  7:07  Drone  
  79  7:08  Extractor  
  83  7:09  Extractor  
  83  7:10  Drone  
  83  7:12  Extractor  
  78  7:16  Drone x2  
  78  7:19  Drone  
  78  7:22  Hatchery  
  79  7:23  Overlord  
  79  7:24  Drone  
  79  7:25  Drone  
  79  7:26  Drone  
  82  7:31  Extractor, Drone x2  
  83  7:39  Overlord  
  83  7:40  Drone x4  
  83  7:42  Zerg Melee Weapons Level 1, Drone  
  88  7:47  Drone x3  
  88  7:51  Zergling x4  
  93  7:54  Zergling x2, Centrifical Hooks  
  93  7:58  Queen  
  96  8:03  Drone x2  
  96  8:04  Drone  
  99  8:08  Zerg Ground Armor Level 2  
  99  8:11  Overlord  
  99  8:12  Zergling x2  
  100  8:14  Zergling x6  
  100  8:17  Zergling x6  
  100  8:19  Overlord  
  106  8:22  Overlord  
  106  8:31  Overlord  
  105  8:35  Zergling x12  
  105  8:38  Zergling x2  
  105  8:39  Baneling  
  105  8:40  Baneling x10  
  113  8:48  Zergling x10  
  113  8:49  Zergling x4  
  113  8:51  Zergling x4  
  113  8:54  Zergling x2  
  121  8:55  Zergling x2  
  121  8:59  Extractor x2  
  121  9:00  Overlord  
  121  9:01  Zergling x2  
  120  9:05  Hatchery  
  120  9:06  Zergling x2  
  120  9:09  Zergling x2  
  121  9:12  Zergling x2  
  121  9:13  Zergling x4  
  121  9:14  Zergling x2  
  121  9:16  Spore Crawler, Queen  
  125  9:17  Spire  
  125  9:23  Zergling x2  
  125  9:24  Zergling x4  
  113  9:29  Drone  
  110  9:34  Drone x2  
  109  9:42  Zergling x10, Zerg Melee Weapons Level 2  
  109  9:43  Hatchery  
  113  9:45  Zergling x4  
  113  9:50  Zergling x6  
  113  9:51  Baneling x5  
  113  9:52  Baneling x2  
  113  9:56  Overlord  
  111  10:08  Hatchery  
  111  10:15  Drone x3  
  111  10:16  Drone  
  111  10:20  Drone x4  
  116  10:29  Mutalisk x9  
  116  10:34  Mutalisk x2  
  137  10:41  Mutalisk  
  139  10:43  Zergling x4  
  139  10:44  Zergling x6  
  139  10:45  Zergling x2  
  144  10:50  Overlord  
  144  10:51  Zerg Flyer Weapons Level 1  
  144  10:53  Zergling x2  
  138  11:01  Mutalisk x2  
  142  11:05  Overlord x4  
  142  11:07  Baneling x5  
  142  11:09  Drone  
  142  11:14  Baneling x3  
  142  11:15  Drone x3  
  145  11:22  Mutalisk x2  
  147  11:27  Zergling x10  
  147  11:31  Mutalisk  
  150  11:34  Zergling x6  
  150  11:35  Zergling x2, Baneling x2  
  150  11:38  Zergling x6  
  154  11:46  Mutalisk x2  
  154  11:47  Mutalisk  
  146  11:48  Drone x3  
  146  11:52  Drone x2  
  146  11:53  Drone x2  
  153  12:01  Mutalisk  
  153  12:07  Zergling x16  
  155  12:12  Baneling x4  
  155  12:13  Baneling  
  155  12:14  Drone x3  
  158  12:17  Queen  
  158  12:19  Overseer  
  158  12:20  Baneling  
  158  12:21  Baneling x2  
  160  12:23  Extractor  
  160  12:26  Mutalisk  
  160  12:28  Drone  
  161  12:33  Zergling x16  
  163  12:38  Mutalisk  
  163  12:40  Zergling x8  
  163  12:45  Zergling x4  
  163  12:51  Zergling x4  
  165  12:56  Zergling x6  
  165  12:57  Zergling x2  
  167  12:58  Zergling x2  
  167  12:59  Zergling x6  
  167  13:01  Overlord  
  171  13:06  Zergling x4  
  171  13:07  Zergling x4  
  171  13:08  Zerg Flyer Weapons Level 2  
  171  13:11  Baneling x7  
  175  13:15  Hatchery, Mutalisk  
  176  13:25  Mutalisk x3  
  181  13:27  Zergling x6  
  181  13:32  Extractor  
  180  13:34  Overlord  
  180  13:35  Burrow  
  180  13:36  Zergling x6  
  180  13:40  Baneling x7  
  183  13:47  Zergling x20  
  175  13:52  Zergling x14  
  181  13:57  Baneling x7  
  181  14:00  Pneumatized Carapace  
  181  14:01  Extractor  
  181  14:02  Zergling x12  
  186  14:07  Drone  
  186  14:08  Drone x3  
  190  14:12  Baneling x9  
  190  14:14  Zergling x2  
  190  14:15  Overlord  
  191  14:20  Baneling x6  
  191  14:21  Overseer  
  191  14:29  Zergling x12  
  197  14:38  Baneling x8  
  188  14:40  Zergling x28  
  163  14:52  Zergling x2  
  163  14:53  Zergling x14  
  163  14:56  Drone x2  
  163  14:57  Drone  
  163  14:58  Mutalisk x2  
  173  15:02  Lair  
  173  15:06  Mutalisk x2  
  177  15:12  Drone x5  
  177  15:14  Zergling x2  
  183  15:17  Baneling  
  183  15:18  Baneling x6  
  183  15:24  Drone x4  
  187  15:31  Mutalisk x3  
  189  15:35  Zergling x4  
  191  15:46  Baneling x9  
  191  15:49  Hatchery, Baneling x2  
  189  15:57  Drone  
  189  15:58  Drone  
  189  15:59  Extractor  
  189  16:03  Zergling x4  
  189  16:04  Zergling x2  
  191  16:09  Overseer  
  190  16:11  Zergling x4  
  191  16:21  Baneling x3  
  191  16:22  Zerg Flyer Armor Level 1  
  191  16:23  Drone  
  191  16:24  Spawning Pool  
  191  16:26  Zergling x2  
  192  16:35  Extractor  
  192  16:36  Overlord  
  192  16:38  Zergling x2  
  192  16:39  Baneling x12  
  192  16:45  Zergling x2  
  192  16:47  Baneling x15  
  192  16:52  Hatchery, Infestation Pit  
  190  16:55  Drone x7  
  190  16:56  Drone x3  
  198  17:16  Zergling x4  
  179  17:26  Zergling x52  
  179  17:29  Zergling x2  
  193  17:39  Zergling x10  
  193  17:41  Mutalisk  
  193  17:44  Baneling x8  
  187  18:01  Overseer  
  187  18:02  Overseer  
  187  18:03  Mutalisk  
  187  18:04  Mutalisk x3  
  195  18:11  Zergling x20  
  194  18:12  Baneling  
  194  18:13  Baneling x7  
  194  18:18  Zergling x12  
  194  18:19  Zergling x6, Queen  
  186  18:25  Mutalisk x6  
  186  18:26  Mutalisk  
  185  18:29  Zergling x4  
  176  18:35  Zergling x26  
  176  18:37  Drone x2  
  176  18:39  Zergling x4  
  191  18:48  Baneling x7  
  177  18:54  Zergling x2  
  177  18:55  Zergling x12  
  164  18:59  Zergling x2  
  143  19:03  Mutalisk x3  
  143  19:07  Drone x4  
  143  19:08  Drone  
  151  19:12  Zergling x8  
  152  19:18  Baneling x9  
  152  19:22  Zergling x6  
  152  19:23  Zergling x2  
  154  19:30  Zergling x6  
  146  19:35  Baneling  
  146  19:36  Baneling x5  
  137  19:42  Baneling x2  
  137  19:43  Baneling x3  
  136  19:49  Zergling x10  
  134  19:53  Baneling x8  
  116  20:00  Zergling x6  
  111  20:08  Zergling x2  
Tags
 
Add a new tag
Caveats
  • Supply blocks, unpowered buildings, or Contaminate may cause inaccurate times.
  • Supply counts are checked every 10 seconds.